 Dungeon Crawl Stone Soup version 0.29-a0-330-g52719c12eb (webtiles) character file.

Game seed: 15073979306376301701

27568 kae the Arsonist (level 12, -8/106 HPs)
             Began as a Demigod Fire Elementalist on Apr 24, 2022.
             Mangled by a small abomination (11 damage)
             ... on level 1 of the Abyss.
             The game lasted 00:14:06 (14244 turns).

kae the Arsonist (Demigod Fire Elementalist)       Turns: 14244, Time: 00:14:07

Health: -8/106     AC: 12    Str:  9    XL:     12   Next: 69%
Magic:  17/26      EV: 16    Int: 33    God:
Gold:   542        SH:  0    Dex: 14    Spells: 12/25 levels left

rFire   . . .      SeeInvis .   f - staff of conjuration
rCold   + . .      Faith    .   (no shield)
rNeg    . . .      Spirit   .   y - +0 steam dragon scales
rPois   .          Reflect  .   c - +2 hat
rElec   .          Harm     .   (no cloak)
rCorr   .          Rampage  .   j - +2 pair of gloves
Will    +....                   v - +1 pair of boots
Stlth   ++........              (no amulet)
HPRegen 0.27/turn               z - ring of wizardry
MPRegen 0.20/turn               r - ring of protection from cold

@: no status effects
A: high MP 1, forlorn, divine attributes
a: no special abilities


You were on level 1 of the Abyss.
You visited 1 branch of the dungeon, and saw 11 of its levels.
You visited the Abyss 1 time.

You collected 846 gold pieces.
You spent 304 gold pieces at shops.

Inventory:

Hand Weapons
 d - a +0 dagger
 e - a +1 dagger of venom
Missiles
 n - 98 stones
 w - a throwing net
 D - 6 poisoned darts
 F - 4 curare-tipped darts
 H - 10 large rocks
Armour
 a - a +1 robe
 c - a +2 hat (worn)
 j - a +2 pair of gloves (worn)
 v - a +1 pair of boots (worn)
 y - +0 steam dragon scales (worn)
 I - a +2 chain mail of fire resistance
Magical Staves
 f - a staff of conjuration (weapon)
Jewellery
 r - a ring of protection from cold (right hand)
 z - a ring of wizardry (left hand)
Wands
 u - a wand of mindburst (10)
 x - a wand of charming (8)
Scrolls
 h - a scroll of teleportation
 k - 2 scrolls of enchant weapon
 l - 5 scrolls of blinking
 E - a scroll of holy word {unknown}
 K - a scroll of silence {unknown}
 L - a scroll of magic mapping {unknown}
Potions
 b - 2 potions of magic
 g - 10 potions of curing
 i - 2 potions of heal wounds
 m - a potion of cancellation
 o - a potion of brilliance
 p - a potion of flight
 q - 3 potions of mutation
 s - 2 potions of might
 t - a potion of resistance
 A - a potion of lignification
 B - a potion of degeneration
 C - a potion of berserk rage
 G - 2 potions of invisibility {unknown}
 J - a potion of attraction {unknown}


   Skills:
 - Level 10.0 Fighting
 + Level 2.9 Armour
 - Level 9.0 Dodging
 - Level 1.7 Stealth
 - Level 7.0 Spellcasting
 - Level 8.0 Conjurations
 - Level 10.6 Fire Magic


You had 12 spell levels left.
You knew the following spells:

 Your Spells              Type           Power      Damage    Failure   Level
a - Foxfire               Conj/Fire      100%       2x1d9     1%          1
b - Scorch                Fire           100%       2d10      1%          2
c - Conjure Flame         Conj/Fire      83%        6-21      1%          3
d - Inner Flame           Hex/Fire       46%        N/A       1%          3
e - Flame Wave            Conj/Fire      83%        2d14      1%          4

Your spell library contained the following spells:

 Spells                   Type           Power      Damage    Failure   Level
 Animate Skeleton         Necr           22%        N/A       1%          1
 Apportation              Tloc           22%        N/A       1%          1
 Summon Small Mammal      Summ           44%        N/A       1%          1
 Blink                    Tloc           22%        N/A       2%          2
 Frozen Ramparts          Ice            22%        1d4       4%          3
 Lesser Beckoning         Tloc           11%        N/A       4%          3
 Ice Form                 Ice/Tmut       11%        N/A       16%         4
 Summon Ice Beast         Ice/Summ       11%        N/A       16%         4
 Manifold Assault         Tloc           11%        N/A       38%         5
 Malign Gateway           Summ/Tloc      5%         N/A       100%        7
 Summon Horrible Things   Summ           5%         N/A       100%        8


Dungeon Overview and Level Annotations

Branches:
Dungeon (11/15)            Temple (0/1) D:4            Lair (0/6) D:8
    Orc: D:9-12

Shops:
D:3 ?   D:6 !

Annotations:
D:9 1 runed translucent door, Gildeon's ghost, novice MiFi
D:11 Erolcha


Innate Abilities, Weirdness & Mutations

You have an increased reservoir of magic. (+10% MP)
You shall have no god before yourself.
Your divine heritage dramatically boosts your attributes as you level up.


Message History

The flame wave engulfs the large abomination!!
The large abomination is burned terribly!
The large abomination is severely damaged. (Press . to intensify the flame waves.)
The large abomination hits you!!
* * * LOW HITPOINT WARNING * * *
A wave of flame ripples out!
The flame wave engulfs the large abomination!!
The large abomination is burned terribly!
You destroy the large abomination!
That felt strangely unrewarding.
You start resting.
A small abomination comes into view.
Casting: Flame Wave (safe; 1% risk of failure)
Confirm with . or Enter, or press ? or * to list all spells.
You feel a surge of power!
You conjure some foxfire!
The foxfire hits the small abomination.
The small abomination is lightly damaged.
The foxfire hits the small abomination.
The small abomination is lightly damaged.
Casting: Foxfire (safe; 1% risk of failure)
Confirm with . or Enter, or press ? or * to list all spells.
You feel a surge of power!
You conjure some foxfire!
The foxfire hits the small abomination!
The small abomination is heavily damaged.
The foxfire hits the small abomination but does no damage.
The small abomination is heavily damaged.
The small abomination misses you.
Casting: Foxfire (safe; 1% risk of failure)
Confirm with . or Enter, or press ? or * to list all spells.
You feel a surge of power!
You conjure some foxfire!
The small abomination barely misses you.
The foxfire hits the small abomination.
The small abomination is severely damaged.
The foxfire hits the small abomination but does no damage.
The small abomination is severely damaged.
The small abomination hits you!
* * * LOW HITPOINT WARNING * * *
The small abomination hits you!
You die...

... .
§..##.
....#.
#.#.#.
#...#
#...#
#§§.#
#.@.#
#.x##
#..#
#..#
...#
#.#..
.....#
..#....
##.
....


You could see a small abomination.

Vanquished Creatures
  4 two-headed ogres
  An ugly thing (D:10)
  2 cyclopes (D:10)
  A gargoyle (D:9)
  An unseen horror (D:10)
  A freezing wraith (D:10)
  A komodo dragon (D:10)
  A kobold demonologist (D:10)
  2 trolls
  3 hornets
  Grinder (D:3)
  A shadow (D:9)
  A wraith (D:10)
  A wyvern (D:9)
  11 yaks
  A vampire (D:11)
  2 large abominations (Abyss:1)
  3 vampire mosquitoes (D:10)
  5 steam dragons
  A chaos spawn (Abyss:1)
  An acid dragon (D:10)
  3 orc warriors
  5 sky beasts
  An ogre (D:7)
  A black bear (D:7)
  3 ice beasts
  4 centaurs
  2 phantoms
  8 kobold brigands
  2 bullfrogs (D:8)
  3 necrophages
  2 scorpions (D:4)
  5 wights (D:8)
  A small abomination (Abyss:1)
  3 howler monkeys (D:11)
  2 gnoll shamans
  3 hounds
  A jelly (D:6)
  5 orc priests
  Natasha (D:3)
  Ijyb (D:3)
  An iguana (D:6)
  5 orc wizards
  16 gnolls
  4 adders
  A white imp (D:6)
  An ufetubus (D:5)
  5 worms
  A dart slug (D:5)
  25 orcs
  5 endoplasms
  3 giant cockroaches
  6 goblins
  8 hobgoblins
  2 jackals (D:3)
  31 kobolds
  5 quokkas
  5 ball pythons
  6 bats
  7 frilled lizards
  3 rats
241 creatures vanquished.

Vanquished Creatures (collateral kills)
  A foxfire (D:8)
1 creature vanquished.

Vanquished Creatures (others)
  743 foxfires
  6 plants (D:9)
749 creatures vanquished.

Grand Total: 991 creatures vanquished

Notes
Turn   | Place    | Note
-------+----------+-------------------------------------------
     0 | D:1      | kae the Demigod Fire Elementalist began the quest for the
                  | Orb.
     0 | D:1      | Reached XP level 1. HP: 14/14 MP: 5/5
   203 | D:1      | Reached skill level 1 in Conjurations
   340 | D:1      | Reached XP level 2. HP: 20/20 MP: 2/7
  1342 | D:2      | Reached XP level 3. HP: 26/26 MP: 5/9
  2179 | D:3      | Learned a level 2 spell: Scorch
  2183 | D:3      | Learned a level 3 spell: Conjure Flame
  2247 | D:3      | Reached XP level 4. HP: 33/33 MP: 6/10
  2289 | D:3      | Noticed Grinder
  2307 | D:3      | Noticed Natasha
  2392 | D:3      | Found Soit's Magic Scroll Boutique.
  2402 | D:3      | Bought a scroll of identify for 22 gold pieces
  2402 | D:3      | Bought a scroll of identify for 22 gold pieces
  2402 | D:3      | Bought a scroll of identify for 22 gold pieces
  2402 | D:3      | Bought a scroll of blinking for 82 gold pieces
  2914 | D:4      | Reached XP level 5. HP: 38/38 MP: 9/12
  3203 | D:4      | Found a staircase to the Ecumenical Temple.
  3438 | D:5      | Entered Level 5 of the Dungeon
  3467 | D:5      | Noticed an ice beast
  3476 | D:5      | Killed an ice beast
  3477 | D:5      | Reached XP level 6. HP: 31/45 MP: 7/14
  4096 | D:5      | Learned a level 3 spell: Inner Flame
  4101 | D:5      | Learned a level 4 spell: Flame Wave
  4143 | D:5      | Reached XP level 7. HP: 50/50 MP: 12/16
  4151 | D:5      | Reached skill level 5 in Fire Magic
  4585 | D:3      | Killed Natasha
  4681 | D:3      | Noticed Ijyb
  4704 | D:3      | Killed Ijyb
  4810 | D:3      | Killed Grinder
  5119 | D:6      | Reached skill level 5 in Conjurations
  5155 | D:6      | Reached skill level 5 in Spellcasting
  5155 | D:6      | Reached XP level 8. HP: 57/57 MP: 14/19
  5568 | D:6      | Found Dairuh's Distillery.
  5576 | D:6      | Bought a potion of heal wounds for 60 gold pieces
  5576 | D:6      | Bought a potion of mutation for 96 gold pieces
  6636 | D:7      | Noticed a hornet
  6670 | D:7      | Reached XP level 9. HP: 62/62 MP: 13/22
  6689 | D:7      | Reached skill level 1 in Fighting
  7169 | D:7      | Reached skill level 5 in Fighting
  7858 | D:8      | Found a staircase to the Lair.
  8708 | D:7      | Reached XP level 10. HP: 57/88 MP: 17/23
  9213 | D:8      | Noticed a +0 hand axe
  9213 | D:8      | Noticed a +0 hand axe
  9289 | D:8      | Reached XP level 11. HP: 94/94 MP: 24/24
  9290 | D:8      | Reached skill level 10 in Fire Magic
  9290 | D:8      | Reached XP level 12. HP: 102/102 MP: 25/25
  9992 | D:9      | Noticed a two-headed ogre
 10005 | D:9      | Killed a two-headed ogre
 10117 | D:9      | Found a runed translucent door.
 10118 | D:9      | Identified the +7 trident of Calamity {vorpal, rN+}
 10122 | D:9      | Noticed Gildeon's ghost (novice MiFi)
 11208 | D:10     | Entered Level 10 of the Dungeon
 12440 | D:10     | Noticed a two-headed ogre
 12633 | D:10     | Killed a two-headed ogre
 13657 | D:11     | Noticed a two-headed ogre
 13666 | D:11     | Killed a two-headed ogre
 13667 | D:11     | Reached skill level 10 in Fighting
 13667 | D:11     | Reached skill level 1 in Armour
 13846 | D:11     | Noticed a two-headed ogre
 13876 | D:11     | Killed a two-headed ogre
 14128 | D:11     | Noticed Erolcha
 14145 | D:11     | Noticed a two-headed ogre
 14149 | D:11     | Cast into level 1 of the Abyss (Erolcha)
 14244 | Abyss:1  | HP: 3/106 [small abomination (9)]
 14244 | Abyss:1  | Mangled by a small abomination

Illustrated notes

Levels and vault maps discovered:
D:1:      lemuel_arrival_broad_hall, layout_loops_ring,
          hellmonk_ecumenical_altar_zigzags, chequers_serial_rivers_room_a,
          st_stairs_10
D:2:      layout_basic, grunt_decor_resistance, grunt_decor_junction,
          minmay_splitting_lines, minmay_heptomino_d4
D:3:      layout_rooms, serial_shops, nicolae_shop_advertising_works
          [nicolae_subvault_shop_adworks], uniq_ijyb, uniq_natasha, uniq_grinder
D:4:      layout_cave_pools, lemuel_tele_altar, minmay_temple_entry_waves,
          nicolae_elevator_lobby_asterisk
D:5:      layout_layer_cave, xom_butterflies, kennysheep_small_circle
D:6:      layout_basic, gammafunk_temple_overflow_claw, kiku_gazebo_pond_becter,
          serial_shops, shop, minmay_chambers_of_fives
D:7:      layout_loops_cross, minmay_strange_pillars, hangedman_misty_isle
D:8:      layout_rooms, dancing_weapons_uskayaw, nicolae_overflow_hidden_temple,
          dpeg_oklobed_lair, serial_glass, glass_columns_c, glass_columns_a,
          glass_columns_a, glass_columns_b
D:9:      layout_loops_corners, ebering_ghost_funeral_grove
D:10:     minmay_ornate_pinched, layout_cave_pools,
          fedhas_bush_and_centaur_altar
D:11:     layout_irregular_city, uniq_erolcha
Abyss:1:  base:
D:7

Skill      XL: |  1  2  3  4  5  6  7  8  9 10 11 12 |
---------------+-------------------------------------+-----
Conjurations   | 1 2 3 4 5 6 8 |  8.0
Spellcasting   | 2 3 4 5 6 7 |  7.0
Fire Magic     | 3 4 5 7 10 | 10.6
Fighting       | 7 8 10 | 10.0
Dodging        | 9 |  9.0
Armour         | 2 |  2.9
Stealth        | |  1.7

Action                   |  1- 3 |  4- 6 |  7- 9 | 10-12 || total
-------------------------+-------+-------+-------+-------++-------
Melee: Dagger            |     7 |       |       |       ||     7
       Punch             |     1 |       |     1 |       ||     2
       Staff             |     6 |       |     8 |     2 ||    16
 Cast: Foxfire           |    90 |    72 |   171 |   112 ||   445
       Scorch            |       |     8 |    55 |    85 ||   148
       Conjure Flame     |       |       |     8 |     6 ||    14
       Inner Flame       |       |       |    13 |     5 ||    18
       Flame Wave        |       |       |     1 |    13 ||    14
  Use: Scroll            |     4 |     7 |     7 |     4 ||    22
       Potion            |       |       |       |     3 ||     3
Armor: Robe              |    13 |     5 |    24 |       ||    42
       Steam dragon scal |       |       |    27 |    47 ||    74
Dodge: Dodged            |    24 |     2 |    93 |   143 ||   262

Table legend: (Time is in decaauts)
 A = Elapsed time spent in this place.
 B = Non-inter-level travel time spent in this place.
 C = Inter-level travel time spent in this place.
 D = Time resting spent in this place.
 E = Time spent auto-exploring this place.
 F = Levels seen in this place.
 G = Mean time per level.
                   A        B        C        D        E       F      G
               +--------+--------+--------+--------+--------+-----+--------+
         Total |  14275 |  13828 |    447 |   2200 |   9380 |  12 | 1189.6 |
       Dungeon |  14180 |  13733 |    447 |   2160 |   9380 |  11 | 1289.1 |
         Abyss |     94 |     94 |      0 |     40 |      0 |   1 |   94.0 |
               +--------+--------+--------+--------+--------+-----+--------+

Top non-repeatable levels by time:
     D:9: 2413 daAuts
     D:7: 2141 daAuts
    D:10: 1888 daAuts
     D:5: 1188 daAuts
     D:6: 1183 daAuts
     D:1: 1118 daAuts
     D:8: 1025 daAuts
     D:3: 982 daAuts
     D:2: 903 daAuts
     D:4: 803 daAuts
    D:11: 533 daAuts
 Abyss:1: 94 daAuts
